 Dungeon Crawl Stone Soup version 0.29-a0-717-g6dac4ea423 (webtiles) character file.

Game seed: 7210475327511361182

131 Zeld the Slasher (level 5, -1/39 HPs)
             Began as a Merfolk Gladiator on June 26, 2022.
             Slain by a yak (4 damage)
             ... on level 4 of the Dungeon.
             The game lasted 00:04:54 (4652 turns).

Zeld the Slasher (Merfolk Gladiator)                Turns: 4652, Time: 00:04:55

Health: -1/39      AC: 13    Str: 16    XL:     5   Next: 14%
Magic:  5/5        EV:  5    Int:  7    God:
Gold:   122        SH:  0    Dex: 16    Spells: 4/4 levels left

rFire   . . .      SeeInvis .   a - +0 long sword
rCold   . . .      Faith    .   (no shield)
rNeg    . . .      Spirit   .   b - +0 plate armour
rPois   .          Reflect  .   g - +0 helmet
rElec   .          Harm     .   u - +0 cloak
rCorr   .          Rampage  .   (no gloves)
Will    .....                   m - +0 pair of boots
Stlth   ..........              (no amulet)
HPRegen 0.13/turn               x - ring of flight
MPRegen 0.09/turn               (no ring)

@: flying
A: (nimble swimmer 2), mertail
a: no special abilities


You were on level 4 of the Dungeon.
You visited 1 branch of the dungeon, and saw 4 of its levels.

You collected 122 gold pieces.

Inventory:

Hand Weapons
 a - a +0 long sword (weapon)
Missiles
 e - a javelin
 q - 2 poisoned darts (quivered)
Armour
 b - a +0 plate armour (worn)
 g - a +0 helmet (worn)
 m - a +0 pair of boots (worn)
 u - a +0 cloak (worn)
Jewellery
 x - a ring of flight (left hand)
Scrolls
 c - a scroll of fear {unknown}
 h - a scroll of fog {unknown}
 i - a scroll of blinking {unknown}
 j - 3 scrolls of enchant armour {unknown}
 k - a scroll of teleportation {unknown}
 n - a scroll of magic mapping {unknown}
 p - a scroll of poison {unknown}
 s - a scroll of identify {unknown}
 t - 2 scrolls of amnesia {unknown}
Potions
 f - a potion of curing {unknown}
 l - a potion of attraction {unknown}
 o - a potion of haste
 r - a potion of flight {unknown}
 v - a potion of resistance {unknown}
 w - a potion of might {unknown}


   Skills:
 + Level 2.7 Fighting
 * Level 4.6 Long Blades
 * Level 1.7 Ranged Weapons
 * Level 3.1 Throwing
 + Level 4.4 Dodging


You had 4 spell levels left.
You didn't know any spells.
Your spell library was empty.

Dungeon Overview and Level Annotations

Branches:
Dungeon (4/15)
 Temple: D:4-7

Altars:

Annotations:
D:3 1 runed translucent door, Crazy Yiuf


Innate Abilities, Weirdness & Mutations

((You are very nimble when in or above water. (Stealth+, EV+, Speed+++)))
Your lower body shifts to a powerful aquatic tail in water.


Message History

The yak is moderately wounded.
The yak barely misses you. The yak gores you.
You barely miss the yak.
The yak is moderately wounded.
The yak looks more healthy.
The yak barely misses you.
There is an open door here.
You throw a poisoned dart.
The poisoned dart closely misses the yak.
Throw: 5 darts (poison)
Press: ? - help, Q - select action, (/) - cycle Shift-Dir - straight line, f/p - yak
Aim: a yak (moderately wounded, poisoned, 72% to hit)
You throw a poisoned dart.
The poisoned dart barely misses the yak.
Unknown command.
Throw: 4 darts (poison)
Press: ? - help, Q - select action, (/) - cycle Shift-Dir - straight line, f/p - yak
Aim: a yak (moderately wounded, poisoned, 72% to hit)
You throw a poisoned dart. The poisoned dart hits the yak!
The yak looks even sicker.
The yak is moderately wounded.
The yak gores you!
Throw: 3 darts (poison)
Press: ? - help, Q - select action, (/) - cycle Shift-Dir - straight line, f/p - yak
Aim: a yak (moderately wounded, very poisoned, 72% to hit)
You throw a poisoned dart. The poisoned dart hits the yak!
The yak looks as sick as possible!
The yak is moderately wounded.
The yak gores you.
* * * LOW HITPOINT WARNING * * *
The yak gores you.
* * * LOW HITPOINT WARNING * * *
The yak attacks as you move away! The yak gores you.
* * * LOW HITPOINT WARNING * * *
The orc shouts! x2; You hear an angry hiss.
The yak attacks as you move away! The yak gores you.
* * * LOW HITPOINT WARNING * * *
A sky beast comes into view.
There is an open door here.
The yak attacks as you move away! The yak gores you.
You die...

#.##.####.#...#.#
####.#.......#.#.#
.
#...........##.#.#
<.
#............#....
..
#....Y.......#####.
... #............#
.. #............#
.. #.....(.....:#
############@##
#.Y.# ### #...# .$#
# #..Y## lB.# #.###
#....##oo #....
##..O### ######
#....### #.....
##.....#### #.#.#.
##.......###.#.##


You could see 2 yaks, a sky beast (wandering) and an ogre.

Vanquished Creatures
  A hound (D:3)
  5 adders
  A worm (D:2)
  3 endoplasms (D:2)
  6 giant cockroaches
  6 goblins
  4 hobgoblins
  4 jackals (D:2)
  3 quokkas
  4 ball pythons
  3 bats
  5 frilled lizards
  3 kobolds
  3 rats
51 creatures vanquished.

Notes
Turn   | Place    | Note
-------+----------+-------------------------------------------
     0 | D:1      | Zeld the Merfolk Gladiator began the quest for the Orb.
     0 | D:1      | Reached XP level 1. HP: 16/16 MP: 1/1
   218 | D:1      | Reached XP level 2. HP: 22/22 MP: 2/2
  1216 | D:2      | Reached skill level 1 in Ranged Weapons
  1216 | D:2      | Reached XP level 3. HP: 11/28 MP: 3/3
  1867 | D:2      | Found a faded altar of an unknown god.
  2486 | D:2      | Reached XP level 4. HP: 31/34 MP: 4/4
  3554 | D:3      | Found a runed translucent door.
  3555 | D:3      | Noticed Crazy Yiuf
  3679 | D:3      | Reached XP level 5. HP: 24/39 MP: 5/5
  4237 | D:4      | Noticed a yak
  4239 | D:4      | Noticed a yak
  4241 | D:4      | Noticed a yak
  4631 | D:4      | Noticed an ogre
  4651 | D:4      | Noticed a sky beast
  4652 | D:4      | Slain by a yak

Illustrated notes

Levels and vault maps discovered:
D:1:      lightli_arrival_quake, layout_basic
D:2:      layout_basic, hellmonk_ecumenical_altar_dog_temple
D:3:      layout_loops_cross, uniq_crazy_yiuf_cottage
D:4:      cheibrodos_quashed, layout_basic, lightli_corner_chamber

Skill      XL: |  1  2  3  4 |
---------------+-------------+-----
Long Blades    | 4 |  4.6
Ranged Weapons | 1 |  1.7
Throwing       | 3 |  3.1
Fighting       | |  2.7
Dodging        | |  4.4

Action                   |  1- 3 |  4- 6 || total
-------------------------+-------+-------++-------
Melee: Long sword        |   105 |    74 ||   179
 Fire: Sling             |       |     1 ||     1
Throw: Throwing net      |     5 |     3 ||     8
       Dart              |       |     7 ||     7
  Use: Potion            |       |     1 ||     1
Armor: Leather armour    |    37 |    18 ||    55
       Plate armour      |       |    24 ||    24
Dodge: Dodged            |    91 |    50 ||   141

Table legend: (Time is in decaauts)
 A = Elapsed time spent in this place.
 B = Non-inter-level travel time spent in this place.
 C = Inter-level travel time spent in this place.
 D = Time resting spent in this place.
 E = Time spent auto-exploring this place.
 F = Levels seen in this place.
 G = Mean time per level.
                   A        B        C        D        E       F      G
               +--------+--------+--------+--------+--------+-----+--------+
         Total |   4670 |   4473 |    197 |   1417 |   2411 |   4 | 1167.5 |
       Dungeon |   4670 |   4473 |    197 |   1417 |   2411 |   4 | 1167.5 |
               +--------+--------+--------+--------+--------+-----+--------+

Top non-repeatable levels by time:
     D:2: 1421 daAuts
     D:1: 1409 daAuts
     D:3: 1150 daAuts
     D:4: 690 daAuts
